 Dungeon Crawl Stone Soup version 0.29.1-15-g9cfb28693d (webtiles) character file.

Game seed: 15629317201769519724

490 Eduption the Ducker (level 6, -3/62 HPs)
             Began as a Troll Berserker on Mar 28, 2023.
             Was a Believer of Trog.
             Slain by a gnoll
             ... wielding a +0 whip
              (7 damage)
             ... on level 6 of the Dungeon.
             The game lasted 00:45:34 (4552 turns).

Eduption the Ducker (Troll Berserker)               Turns: 4552, Time: 00:45:34

Health: -3/62      AC:  4    Str: 28    XL:     6   Next: 90%
Magic:  0/5        EV: 10    Int:  3    God:    Trog [**....]
Gold:   23         SH:  0    Dex:  9    Spells: 5/5 levels left

rFire   . . .      SeeInvis .   d - +2 hand axe (elec)
rCold   . . .      Faith    .   (no shield)
rNeg    . . .      Spirit   +   r - +0 robe
rPois   .          Reflect  .   (helmet restricted)
rElec   .          Harm     .   (no cloak)
rCorr   .          Rampage  .   (gloves unavailable)
Will    ++...                   (boots unavailable)
Stlth   +.........              J - amulet of guardian spirit
HPRegen 2.00/turn               W - ring of fire
MPRegen 0.09/turn               L - ring of ice

@: strong-willed, on berserk cooldown, regenerating, slowed, very slow
A: large, unfitting armour, claws 3, regeneration 1, shaggy fur 1, tough skin 1
a: Renounce Religion, Berserk, Trog's Hand


You were on level 6 of the Dungeon.
You worshipped Trog.
Trog was pleased with you.
You visited 2 branches of the dungeon, and saw 7 of its levels.

You collected 296 gold pieces.
You spent 273 gold pieces at shops.

Inventory:

Hand Weapons
 b - a +4 whip
 d - a +2 hand axe of electrocution (weapon)
 j - a +0 war axe of flaming
 y - a +2 whip of flaming
 M - a +0 dagger of draining
 V - a +0 battleaxe
Missiles
 c - 3 poisoned darts (quivered)
 n - 11 boomerangs
 A - 22 stones
Armour
 a - a +0 animal skin
 f - a +0 ring mail
 o - a +0 chain mail
 p - a +0 leather armour
 r - a +0 robe (worn)
 v - a +0 robe
 I - a +0 ring mail
 K - a +0 helmet
 Q - a +0 ring mail
 R - a +0 robe
 T - a +3 chain mail of cold resistance
Jewellery
 m - a ring of willpower
 w - a ring of protection from cold
 J - an amulet of guardian spirit (around neck)
 L - a ring of ice (right claw)
 W - a ring of fire (left claw)
Wands
 P - a wand of acid (10)
Scrolls
 g - 5 scrolls of identify
 h - a scroll of magic mapping
 k - 2 scrolls of butterflies {unknown}
 s - 2 scrolls of teleportation {unknown}
 t - a scroll of vulnerability {unknown}
 B - a scroll of blinking {unknown}
 C - a scroll of enchant weapon {unknown}
 E - a scroll of amnesia {unknown}
 G - a scroll of poison {unknown}
 O - 2 scrolls of fear {unknown}
 U - 4 scrolls of noise {unknown}
 X - a scroll of immolation {unknown}
Potions
 i - a potion of flight
 x - a potion of mutation {unknown}
 z - a potion of curing
 D - a potion of degeneration
 F - a potion of might {unknown}
 H - a potion of haste
 N - a potion of brilliance {unknown}
 Z - 2 potions of heal wounds


   Skills:
 + Level 3.6 Fighting
 + Level 2.2 Short Blades
 + Level 2.2(2.3) Axes
 + Level 0.9(1.8) Maces & Flails
 + Level 4.1 Dodging
 + Level 0.4 Stealth
 + Level 3.3 Unarmed Combat


You had 5 spell levels left.
You didn't know any spells.
Your spell library contained the following spells:

 Spells                   Type           Power      Damage    Failure   Level
 Freeze                   Ice            0%         1d3       52%         1
 Frozen Ramparts          Ice            0%         1d1       88%         3
 Portal Projectile        Hex/Tloc       0%         N/A       88%         3
 Tukima's Dance           Hex            0%         N/A       88%         3
 Hailstorm                Conj/Ice       0%         3d3       99%         4
 Ice Form                 Ice/Tmut       0%         N/A       99%         4
 Summon Ice Beast         Ice/Summ       0%         N/A       99%         4
 Blade Hands              Tmut           0%         N/A       100%        5


Dungeon Overview and Level Annotations

Branches:
Dungeon (6/15)             Temple (1/1) D:5

Altars:
Dithmenos
Elyvilon
Fedhas
Gozag
Kikubaaqudgha
Nemelex Xobeh
Qazlal
Ru
Sif Muna
Trog
Uskayaw
Wu Jian
Yredelemnul

Shops:
D:3 [   D:4 *   D:5 (


Innate Abilities, Weirdness & Mutations

You are too large for most types of armour.
You have claws for hands.
Your natural rate of healing is unusually fast.
You are covered in fur. (AC +1)
You have tough skin. (AC +1)


Message History

You are too injured to fight recklessly!
You are too injured to fight recklessly!
You are too injured to fight recklessly!
You are too injured to fight recklessly!
You are too injured to fight recklessly!
You are too injured to fight recklessly!
You are too injured to fight recklessly!
You are too injured to fight recklessly!
You are too injured to fight recklessly!
You are too berserk!
You are too injured to fight recklessly!
You are too injured to fight recklessly!
You are too injured to fight recklessly!
You are too injured to fight recklessly!
You feel a strong urge to attack something.
The gnoll barely misses you. The gnoll hits you with a +0 flail.
The gnoll hits you with a +0 whip!
You are too injured to fight recklessly!
The gnoll closely misses you. The gnoll barely misses you.
The gnoll hits you but does no damage.
You are too injured to fight recklessly!
You feel your anger nearly subside.
You are too injured to fight recklessly!
You are no longer berserk.
You are exhausted.
You feel yourself slow down. The gnoll hits you with a +0 spear.
The gnoll hits you with a +0 flail!
* * * LOW HITPOINT WARNING * * *
The gnoll misses you.
You are too injured to fight recklessly!
The gnoll barely misses you. The gnoll hits you with a +0 whip.
* * * LOW HITPOINT WARNING * * *
The gnoll hits you with a +0 spear.
* * * LOW HITPOINT WARNING * * *
The gnoll hits you with a +0 whip.
* * * LOW HITPOINT WARNING * * *
The gnoll closely misses you. The gnoll hits you with a +0 spear.
* * * LOW HITPOINT WARNING * * *
The gnoll hits you with a +0 whip!
You die...

.....####
.........#
........#
..
.......##..
#..........
#.<........
#<.........
#..........
#..@g......
#..gg......
#..........
#))........
#.)........
###########


You could see 3 gnolls.

Vanquished Creatures
  Duvessa (D:4)
  A centaur (D:5)
  Dowan (D:4)
  An orc priest (D:4)
  A hound (D:5)
  An iguana (D:5)
  3 gnolls
  4 adders
  4 worms
  A dart slug (D:2)
  9 orcs
  3 ball pythons
  8 endoplasms
  2 giant cockroaches
  7 hobgoblins
  8 jackals
  5 quokkas
  4 bats
  4 frilled lizards (D:1)
  12 goblins
  4 kobolds
  3 rats (D:1)
87 creatures vanquished.

Vanquished Creatures (others)
  3 fungi (D:1)
  4 plants (D:1)
7 creatures vanquished.

Grand Total: 94 creatures vanquished

Notes
Turn   | Place    | Note
-------+----------+-------------------------------------------
     0 | D:1      | Eduption the Troll Berserker began the quest for the Orb.
     0 | D:1      | Reached XP level 1. HP: 22/22 MP: 0/0
   141 | D:1      | Reached XP level 2. HP: 18/29 MP: 1/1
   518 | D:1      | Reached XP level 3. HP: 36/36 MP: 2/2
   526 | D:1      | Reached ** piety under Trog
   832 | D:1      | Found a faded altar of an unknown god.
  1176 | D:2      | Reached skill level 1 in Axes
  1176 | D:2      | Reached XP level 4. HP: 44/44 MP: 3/3
  1745 | D:2      | Reached skill level 3 in Dodging
  1896 | D:3      | Found Zismub's Antique Armour Shoppe.
  2897 | D:4      | Reached XP level 5. HP: 53/53 MP: 4/4
  2903 | D:4      | Noticed Duvessa
  2919 | D:4      | Killed Duvessa
  2920 | D:4      | Reached skill level 1 in Short Blades
  2923 | D:4      | Noticed Dowan
  2977 | D:4      | Killed Dowan
  2978 | D:4      | Reached XP level 6. HP: 59/61 MP: 1/5
  3311 | D:4      | Found Xerphyar's Assorted Antiques.
  3574 | D:5      | Entered Level 5 of the Dungeon
  3773 | D:5      | Found Suecvuyd's Weapon Emporium.
  3806 | D:5      | Found a staircase to the Ecumenical Temple.
  4239 | D:5      | Reached skill level 4 in Dodging
  4286 | D:5      | Bought a +2 hand axe of electrocution for 273 gold pieces
  4298 | Temple   | Entered the Ecumenical Temple
  4551 | D:6      | HP: 3/62 [gnoll/+0 whip (3)]
  4551 | D:6      | HP: 1/62 [gnoll/+0 spear (2)]
  4552 | D:6      | Slain by a gnoll

Illustrated notes

Levels and vault maps discovered:
D:1:      lightli_arrival_lavapool, layout_basic,
          dreamdust_ecumenical_altar_hidden_monk_grotto
D:2:      layout_loops_ring
D:3:      layout_rooms, serial_shops, shop_fountains, minmay_misc_feat_alley
D:4:      layout_loops_ring, serial_shops, nicolae_lakefront_shop, uniq_duvessa
D:5:      layout_loops_ring, minmay_temple_entry_hall, serial_shops,
          nicolae_shop_crystal, minivault_4
D:6:      layout_basic, chei_slow_surprise, minmay_overflow_temple_star_hex,
          portal_sewer_entry_d, uniq_grinder
Temple:   dshaligram_water_room_temple

Skill      XL: |  1  2  3  4  5  6 |
---------------+-------------------+-----
Axes           | 1 2 |  2.2
Dodging        | 3 4 |  4.1
Fighting       | 3 |  3.6
Short Blades   | 1 2 |  2.2
Maces & Flails | |  0.9
Stealth        | |  0.4
Unarmed Combat | |  3.3

Action                   |  1- 3 |  4- 6 || total
-------------------------+-------+-------++-------
Melee: Dagger            |   107 |   211 ||   318
       Unarmed           |     9 |       ||     9
       Punch             |     2 |     4 ||     6
       War axe           |    72 |    35 ||   107
       Whip              |       |    15 ||    15
       Hand axe          |       |    10 ||    10
Invok: Trog's Hand       |       |     3 ||     3
       Berserk           |       |     2 ||     2
  Use: Potion            |       |     5 ||     5
       Scroll            |       |     2 ||     2
Armor: Animal skin       |    50 |    83 ||   133
       Robe              |       |    43 ||    43
Dodge: Dodged            |   103 |   172 ||   275
